 Dungeon Crawl Stone Soup version 0.24-a0-769-g368c1644f8 (webtiles) character file.

Game seed: 4846218649287391789, levelgen mode: deterministic

597579 Hybris the Gnoll Blade (level 27, -5/216 HPs)
             Began as a Gnoll Wizard on Oct 3, 2019.
             Was the Champion of Vehumet.
             Killed from afar by a raiju (7 damage)
             ... with a living lightning
             ... on level 3 of the Abyss on Oct 6, 2019.
             The game lasted 12:18:46 (83123 turns).

Hybris the Gnoll Blade (Gnoll Wizard)              Turns: 83123, Time: 12:18:47

Health: -5/216     AC: 43    Str: 18    XL:     27
Magic:  0/54       EV: 19    Int: 31    God:    Vehumet [******]
Gold:   7403       SH: 18    Dex: 24    Spells: 24/63 levels left

rFire    + + .     SeeInvis .   B - +10 broad axe of the Mosquito {protect, Str+5 Dex+5}
rCold    + + .     Gourm    .   Z - +2 shield
rNeg     . . .     Faith    .   n - +8 plate armour "Heonkest" {Str+2}
rPois    +         Spirit   .   f - +2 helmet
rElec    .         Reflect  .   C - scarf {rC+ rF+}
rCorr    .         Harm     .   V - +2 pair of gloves {Dex+3}
MR       ++...                  T - +1 pair of boots
Stlth    +++.......             L - amulet of Ascent {RegenMP +Blink Dex+3}
HPRegen  0.00/turn              E - ring "Waorch" {rPois rC+}
MPRegen  0.59/turn              l - ring "Doefov" {+Blink rF+ MP+9 Dex-2 Slay+2}

@: protection aura, non-regenerating, diseased, studying 4 skills
A: distributed training, fangs 1, strong nose
}: 2/15 runes: serpentine, barnacled
a: Renounce Religion, Evoke Blink


You were on level 3 of the Abyss.
You worshipped Vehumet.
Vehumet was exalted by your worship.
You were not hungry.

You visited 11 branches of the dungeon, and saw 48 of its levels.
You visited the Abyss 1 time.
You also visited: Sewer, Gauntlet and Ice Cave.

You collected 8843 gold pieces.
You spent 1440 gold pieces at shops.

Inventory:

Hand Weapons
 B - the +10 broad axe of the Mosquito (weapon) {protect, Str+5 Dex+5}
   (You took it off a deep elf mage on level 3 of the Elven Halls)

   It grants its wielder temporary protection when it strikes (+7 to AC).
   It affects your strength (+5).
   It affects your dexterity (+5).
Missiles
 c - 59 silver javelins (quivered)
Armour
 f - a +2 helmet (worn)
 n - the +8 plate armour "Heonkest" (worn) {Str+2}
   (You took it off a deep elf master archer on level 3 of the Elven Halls)

   It affects your strength (+2).
 C - a scarf of resistance (worn)
 T - a +1 pair of boots (worn)
 V - a +2 pair of gloves of dexterity (worn)
 Z - a +2 shield (worn)
Jewellery
 e - an uncursed ring of positive energy
 l - the ring "Doefov" (right hand) {+Blink rF+ MP+9 Dex-2 Slay+2}
   (You took it off a deep elf mage on level 3 of the Elven Halls)

   [ring of magical power]

   It affects your dexterity (-2).
   It affects your accuracy and damage with ranged weapons and melee attacks
   (+2).
   It protects you from fire.
   It affects your magic capacity (+9).
   It lets you blink.
 E - the ring "Waorch" (left hand) {rPois rC+}
   (You took it off a merfolk aquamancer on level 4 of the Shoals)

   [ring of protection from cold]

   It protects you from cold.
   It protects you from poison.
 L - the amulet of Ascent (around neck) {RegenMP +Blink Dex+3}
   (You took it off a spriggan air mage on level 2 of the Depths)

   [amulet of magic regeneration]

   It increases your magic regeneration.
   It affects your dexterity (+3).
   It lets you blink.
Wands
 w - a wand of flame (125)
 A - a wand of enslavement (37)
 F - a wand of iceblast (67)
 G - a wand of disintegration (35)
 I - a wand of scattershot (8)
 R - a wand of acid (3)
 W - a wand of clouds (9)
Scrolls
 b - 28 scrolls of teleportation
 h - 10 scrolls of magic mapping
 j - 5 scrolls of fear
 k - 8 scrolls of fog
 v - a scroll of silence
 y - 6 scrolls of blinking
 J - a scroll of holy word
 N - 6 scrolls of summoning
 O - 11 scrolls of identify
Potions
 a - 6 potions of magic
 i - a potion of cancellation
 m - 23 potions of curing
 o - 21 potions of heal wounds
 p - 4 potions of invisibility
 t - 10 potions of brilliance
 z - 11 potions of might
 D - 6 potions of agility
 M - 3 potions of flight
 P - 5 potions of haste
 X - 3 potions of resistance
Books
 x - a manual of Slings
 H - a manual of Long Blades
 K - a manual of Shields
 U - a manual of Crossbows
Miscellaneous
 g - 4 phantom mirrors
 q - a fan of gales
 r - 4 boxes of beasts
 u - a lightning rod (4/4)
 Q - 5 sacks of spiders
 S - a lamp of fire
 Y - a phial of floods
Comestibles
 d - 73 rations
 s - 13 chunks of flesh


   Skills:
 + Level 17.7 Fighting
 + Level 17.7 Short Blades
 + Level 21.3 Long Blades
 + Level 17.7 Axes
 + Level 17.7 Maces & Flails
 + Level 17.7 Polearms
 + Level 17.7 Staves
 + Level 20.0 Slings
 + Level 17.7 Bows
 + Level 20.0 Crossbows
 + Level 17.7 Throwing
 + Level 17.7 Armour
 + Level 18.1 Dodging
 + Level 18.1 Stealth
 + Level 18.3 Shields
 + Level 17.7 Unarmed Combat
 + Level 18.7 Spellcasting
 + Level 15.4 Conjurations
 + Level 15.3 Hexes
 + Level 15.3 Charms
 + Level 15.4 Summonings
 + Level 15.3 Necromancy
 + Level 15.4 Translocations
 + Level 15.3 Transmutations
 + Level 15.3 Fire Magic
 + Level 15.3 Ice Magic
 + Level 15.3 Air Magic
 + Level 15.3 Earth Magic
 + Level 15.3 Poison Magic
 + Level 19.1 Invocations
 + Level 17.7 Evocations


You had 24 spell levels left.
You knew the following spells:

 Your Spells              Type           Power        Failure   Level  Hunger
a - Iron Shot             Conj/Erth      #######...   1%          6    None
b - Blink                 Tloc           N/A          1%          2    None
c - Summon Lightning Spi  Summ/Air       #######.     1%          4    None
d - Spellforged Servitor  Conj/Summ      #######...   6%          7    ###....
e - Orb of Destruction    Conj           #######...   6%          7    ###....
f - Fireball              Conj/Fire      #######...   1%          5    None
l - Lee's Rapid Deconstr  Erth           #######...   1%          5    None
r - Regeneration          Chrm/Necr      #######...   1%          3    None

Your spell library contained the following spells:

 Spells                   Type           Power        Failure   Level  Hunger
 Chain Lightning          Conj/Air       #######...   41%         8    #####..
 Glaciate                 Conj/Ice       #######...   99%         9    ######.
 Tornado                  Air            #######...   99%         9    ######.
 Corona                   Hex            #######      1%          1    None
 Flame Tongue             Conj/Fire      #####        1%          1    None
 Infusion                 Chrm           ####         1%          1    None
 Magic Dart               Conj           ####         1%          1    None
 Sting                    Conj/Pois      ####         1%          1    None
 Summon Small Mammal      Summ           ####         1%          1    None
 Call Imp                 Summ           #######.     1%          2    None
 Corpse Rot               Necr           N/A          1%          2    None
 Ensorcelled Hibernation  Hex/Ice        ######       1%          2    None
 Passwall                 Tmut/Erth      #######.     1%          2    None
 Shroud of Golubria       Chrm/Tloc      ######       1%          2    None
 Slow                     Hex            #######.     1%          2    None
 Song of Slaying          Chrm           #######.     1%          2    None
 Swiftness                Chrm/Air       #######.     1%          2    None
 Throw Flame              Conj/Fire      ######       1%          2    None
 Call Canine Familiar     Summ           #######.     1%          3    None
 Confuse                  Hex            #######.     1%          3    None
 Conjure Flame            Conj/Fire      #######.     1%          3    None
 Dazzling Spray           Conj/Hex       ######       1%          3    None
 Gell's Gravitas          Tloc           #######...   1%          3    None
 Inner Flame              Hex/Fire       #######.     1%          3    None
 Lesser Beckoning         Tloc           #######...   1%          3    None
 Mephitic Cloud           Conj/Pois/Air  #######.     1%          3    None
 Spectral Weapon          Hex/Chrm       #######.     1%          3    None
 Stone Arrow              Conj/Erth      ######       1%          3    None
 Summon Guardian Golem    Hex/Summ       #######.     1%          3    None
 Teleport Other           Tloc           #######.     1%          3    None
 Tukima's Dance           Hex            #######.     1%          3    None
 Vampiric Draining        Necr           #######...   1%          3    None
 Cause Fear               Hex            #######...   1%          4    None
 Ice Form                 Ice/Tmut       #######.     1%          4    None
 Leda's Liquefaction      Hex/Erth       #######...   1%          4    None
 Passage of Golubria      Tloc           N/A          1%          4    None
 Sticky Flame             Conj/Fire      #######.     1%          4    None
 Summon Ice Beast         Ice/Summ       #######.     1%          4    None
 Agony                    Necr           #######.     1%          5    None
 Bolt of Magma            Conj/Fire/Erth #######...   1%          5    None
 Irradiate                Conj/Tmut      #######...   1%          5    None
 Metabolic Englaciation   Hex/Ice        #######...   1%          5    None
 Silence                  Hex/Air        #######...   1%          5    None
 Yara's Violent Unravell  Hex/Tmut       #######...   1%          5    None
 Bolt of Cold             Conj/Ice       #######...   1%          6    None
 Bolt of Fire             Conj/Fire      #######...   1%          6    None
 Freezing Cloud           Conj/Ice/Air   #######...   1%          6    None
 Ozocubu's Refrigeration  Ice            #######...   1%          6    None
 Darkness                 Hex            #######...   4%          6    None
 Deflect Missiles         Chrm/Air       #######...   4%          6    None
 Hydra Form               Tmut           #######...   4%          6    None
 Invisibility             Hex            #######.     4%          6    None
 Shadow Creatures         Summ           N/A          4%          6    None
 Simulacrum               Ice/Necr       #######...   4%          6    None
 Statue Form              Tmut/Erth      #######..    4%          6    None
 Dragon Form              Tmut           #######...   24%         7    ###....
 Haunt                    Necr/Summ      #######...   24%         7    ###....
 Ignition                 Fire           #######...   41%         8    #####..
 Controlled Blink         Tloc           N/A          87%         8    #####..
 Borgnjor's Revivificati  Necr           #######...   88%         8    #####..
 Death's Door             Chrm/Necr      #######...   88%         8    #####..
 Discord                  Hex            #######...   88%         8    #####..
 Infestation              Necr           #######...   88%         8    #####..
 Necromutation            Tmut/Necr      #######...   88%         8    #####..
 Shatter                  Erth           #######...   99%         9    ######.
 Dragon's Call            Summ           #######...   100%        9    ######.


Dungeon Overview and Level Annotations

Branches:
Dungeon (15/15)            Temple (1/1) D:6            Lair (6/6) D:9
 Shoals (4/4) Lair:3        Snake (4/4) Lair:4        Slime (0/5) Lair:6
    Orc (2/2) D:12            Elf (3/3) Orc:2        Vaults (4/5) D:13
  Crypt (3/3) Vaults:2       Tomb (0/3) Crypt:3      Depths (5/5) D:15
   Hell (visited)             Zot (0/5) Depths:5      Sewer (visited)
  IceCv (visited)         Gauntlet (visited)
    Dis: Hell:1         Geh: Hell:1         Coc: Hell:1         Tar: Hell:1

Altars:
Dithmenos
Hepliaklqana
Kikubaaqudgha
Nemelex Xobeh
Sif Muna
Uskayaw
Vehumet
Wu Jian
Xom
Yredelemnul
The Shining One
Beogh

Shops:
D:8 *   Orc:2 :[!(   Shoals:2 =   Snake:1 }}=   Snake:3 [   Snake:4 (
Vaults:3 %   Depths:3 [   Depths:4 [

Portals:
Hell: Depths:1 Depths:2 Depths:3 Depths:4 Depths:5
Abyss: Depths:4
Pandemonium: Depths:1 Depths:3
Ziggurat: Depths:2

Annotations:
D:14 stack
Hell Geryon


Innate Abilities, Weirdness & Mutations

Your experience applies equally to all skills.
You have very sharp teeth.
Your uncanny sense of smell can sniff out nearby items.


Message History

You hear a bark! x2
Something hits you but does no damage.
A large abomination comes into view.
You hear a bark!
You feel much better. A chorus of shrieks assaults your mind.
* * * LOW HITPOINT WARNING * * *
The rakshasa weaves an illusion.
The wight shimmers and seems to become two!
You block the raiju's attack. Something hits you but does no damage.
A raiju comes into view.
You slice the raiju!!
The raiju is almost dead.
You slice something!! You block the raiju's attack. Something hits you!
* * * LOW HITPOINT WARNING * * *
You feel your power leaking away.
The raiju bursts into living lightning!
The living lightning hits the raiju.
The raiju completely resists.
The living lightning misses you. The living lightning hits you!
You die...

.#. ##
##>#)§ #
#.#.÷..÷.†÷
#. # ..
.#∆#N>#X#
#.#...
÷5Xz### ##
..#.#∆#.R.#
#.
.#5#.XXxz.#
. #
#...#hX5##
z # #.##.#
5##Xz#
##@##.. # #
. #.h##
.#... #
..h##. .#
.. . . ##.
. # ## . #
# .


You could see 2 starcursed masses, a rakshasa, a hell hog, an ancient zyme, 2
large abominations, 2 raiju and 2 wights.

Vanquished Creatures
  Khufu (Crypt:3)
  Mara (Elf:3)
  2 ancient liches
  A greater mummy (Crypt:3)
  Saint Roka (Depths:2)
  Bai Suzhen (Depths:2)
  Frederick (Depths:4)
  Xtahua (Crypt:2)
  3 caustic shrikes (Depths:5)
  A golden dragon (Depths:2)
  Jory (Crypt:3)
  3 bone dragons
  2 hellephants
  7 liches
  4 tentacled monstrosities
  Rupert (D:11)
  Jorgrun (Orc:2)
  The ghost of Ecatez the Peltast, an adept HOMo of Beogh (Vaults:4)
  A quicksilver dragon (Depths:5)
  3 sphinxes
  2 deep elf master archers (Elf:3)
  2 deep elf blademasters
  7 tentacled starspawn
  4 ancient champions
  3 Executioners
  An acid blob (Depths:4)
  Gastronok (D:9)
  A storm dragon (Depths:3)
  7 tengu reavers
  The ghost of stillor the Bludgeoner, an adept DsFi of Okawaru (Shoals:1)
  Kirke (D:12)
  Agnes (Elf:2)
  6 nagarajas (Snake:4)
  4 revenants
  A thorn hunter (Depths:4)
  4 shadow dragons
  Donald (Vaults:4)
  Ilsuiw (Shoals:2)
  7 vault wardens
  11 frost giants
  3 deep elf sorcerers
  8 fire giants
  Louise (D:13)
  A cacodemon (Depths:1)
  Aizul (Snake:4)
  An orc warlord (Orc:2)
  2 balrugs
  A reaper (Depths:2)
  4 deep elf elementalists
  5 war gargoyles
  A caustic shrike skeleton (Depths:5)
  10 ghouls
  2 draconian annihilators (Depths:5)
  10 ironheart preservers
  2 spriggan defenders
  35 very ugly things
  7 entropy weavers
  22 stone giants
  A green draconian (Abyss:3)
  6 dire elephants
  4 deep elf annihilators
  2 lorocyprocas
  5 deep elf demonologists
  10 vampire knights
  A minotaur (Gauntlet)
  5 ettins
  6 deep elf death magi
  14 spark wasps
  The ghost of Neppajuco the Cleaver, a journeyman CeAK of Lugonu (Lair:2)
  4 crystal guardians
  A quicksilver dragon zombie (Crypt:3)
  Josephine (Orc:2)
  4 deep elf high priests
  11 merfolk javelineers
  9 merfolk impalers
  5 eidola
  A green death (Abyss:3)
  A mummy priest (Crypt:1)
  9 yaktaur captains
  5 jiangshi
  10 ice dragons
  9 great orbs of eyes
  10 fire dragons
  7 rakshasas
  14 vault guards
  15 naga warriors
  12 hydras
  4 spriggan air magi
  A quicksilver dragon skeleton (Crypt:1)
  14 centaur warriors
  9 anacondas
  7 merfolk aquamancers
  4 satyrs
  3 merfolk avatars
  4 death knights
  20 ogre magi
  48 two-headed ogres
  9 hell hogs
  2 tengu warriors (Depths:2)
  14 deep troll shamans
  Urug (Lair:1)
  An orc high priest (Elf:2)
  19 thrashing horrors
  8 deep troll earth magi
  3 spriggan berserkers
  14 hell knights
  3 titan zombies
  9 naga sharpshooters
  20 deep elf knights
  11 vampire magi
  38 dancing weapons
  4 shock serpents
  5 soul eaters
  12 wretched stars
  7 sun demons
  A titan skeleton (Crypt:1)
  5 iron trolls
  2 sixfirhies
  2 shadow wraiths
  30 skeletal warriors
  A torturous demonspawn (Depths:3)
  5 unseen horrors
  24 deep trolls
  6 sea snakes
  5 glowing orange brains
  11 wizards
  3 anaconda zombies
  19 deep elf archers
  2 flayed ghosts
  A harpy (shapeshifter) (Vaults:1)
  9 naga ritualists
  A wolf spider zombie (D:14)
  15 orc knights
  60 deep elf magi
  17 harpies
  12 necromancers
  6 phantasmal warriors
  72 ugly things
  A wolf spider (Vaults:3)
  9 manticores
  15 mana vipers
  15 ironbrand convokers
  A shadow dragon skeleton (Abyss:3)
  2 iron dragon zombies (Crypt:1)
  A mana viper (shapeshifter) (Depths:5)
  6 oklob plants
  A spectral ice dragon (Crypt:1)
  12 salamanders
  15 orc sorcerers
  2 fire giant zombies (Crypt:1)
  7 worldbinders
  9 fauns
  33 slime creatures
  23 large abominations
  A sphinx skeleton (Crypt:1)
  21 elephants
  18 cyclopes
  A fire giant skeleton (Hell)
  A frost giant skeleton (Abyss:3)
  15 vault sentinels
  4 guardian serpents
  2 rust devils
  35 black mambas
  2 black mambas (shapeshifter)
  6 water nymphs
  10 merfolk sirens
  3 centaur zombies
  An ice statue (IceCv)
  14 smoke demons
  2 apocalypse crabs (Abyss:3)
  A guardian serpent (shapeshifter) (Elf:3)
  A torpor snail (Lair:2)
  An eye of devastation (shapeshifter) (Vaults:4)
  2 orange demons
  29 naga magi
  Psyche (D:9)
  4 gargoyles
  3 dire elephant skeletons (Crypt:1)
  A spiny frog (shapeshifter) (Vaults:3)
  12 spiny frogs
  A hellion (Abyss:3)
  A storm dragon simulacrum (Vaults:2)
  51 yaktaurs
  8 komodo dragons
  A rime drake (Lair:3)
  5 hellwings
  A yaktaur (shapeshifter) (Gauntlet)
  A demonic crawler (Abyss:3)
  13 freezing wraiths
  A hydra zombie (Crypt:1)
  8 ancient zymes
  5 efreet
  A minotaur skeleton (Crypt:1)
  4 tengu conjurers
  A harpy zombie (Abyss:3)
  45 merfolk
  2 death yak skeletons
  6 trolls
  2 meliai (shapeshifter)
  A queen bee (shapeshifter) (Vaults:1)
  19 hornets
  An iron troll skeleton (Crypt:2)
  7 wind drakes
  2 bog bodies
  A jumping spider (shapeshifter) (Elf:1)
  An ice dragon zombie (Crypt:1)
  2 hydra skeletons
  2 harpy skeletons
  17 polar bears (IceCv)
  A blink frog (shapeshifter) (Gauntlet)
  4 blink frogs (Abyss:3)
  25 raiju
  A dream sheep (shapeshifter) (Vaults:3)
  A hippogriff (shapeshifter) (Vaults:2)
  A raiju (shapeshifter) (Vaults:1)
  A spectral swamp dragon (Crypt:1)
  15 hippogriffs
  An alligator zombie (Crypt:1)
  10 snapping turtles
  14 dream sheep
  2 ettin zombies
  34 flying skulls
  5 shadows
  33 water elementals
  16 wraiths
  4 air elementals
  2 ice dragon skeletons (Crypt:1)
  34 starcursed masses
  A spriggan (shapeshifter) (Depths:5)
  3 wyverns
  53 yaks
  2 spriggans
  A wyvern (shapeshifter) (Vaults:1)
  11 ynoxinuls
  2 basilisks
  13 chaos spawn
  A hog (shapeshifter) (Gauntlet)
  A golden eye (shapeshifter) (Vaults:3)
  4 hogs
  2 humans (D:13)
  2 steam dragons
  5 hungry ghosts
  14 fire elementals
  A catoblepas simulacrum (Hell)
  5 neqoxecs
  A spatial vortex (Abyss:2)
  2 wargs (shapeshifter)
  2 insubstantial wisps (Abyss:3)
  2 harpy simulacra
  A spiny frog zombie (Crypt:3)
  40 nagas
  2 acid dragons
  A soldier ant (D:10)
  3 wargs
  A two-headed ogre skeleton (Crypt:2)
  23 water moccasins
  5 porcupines
  19 hell hounds
  A floating eye (shapeshifter) (Depths:4)
  A swamp drake (D:12)
  4 sky beasts
  An alligator simulacrum (Abyss:1)
  An ice beast (shapeshifter) (Depths:5)
  6 ice beasts
  A black bear (D:8)
  6 phantoms
  38 ogres
  2 eyes of draining
  10 necrophages
  42 orc warriors
  A wolf (shapeshifter) (D:15)
  34 wolves
  An eye of draining (shapeshifter) (Depths:5)
  15 boggarts
  15 centaurs
  An elephant skeleton (Crypt:1)
  13 crocodiles
  A salamander zombie (Crypt:2)
  3 big kobolds
  13 bullfrogs
  8 earth elementals
  A water moccasin skeleton (D:4)
  A salamander skeleton (Crypt:2)
  A hornet simulacrum (Gauntlet)
  6 scorpions
  A yak zombie (Crypt:1)
  A spriggan zombie (Crypt:1)
  An oklob sapling (D:6)
  10 wights
  9 howler monkeys
  8 crimson imps
  26 small abominations
  A human simulacrum (Vaults:1)
  6 jellies
  6 quasits
  6 hounds
  24 orc priests
  2 bullfrog skeletons
  3 iron imps
  8 centaur skeletons
  6 iguanas
  8 worker ants
  Ijyb (D:3)
  46 orc wizards
  2 hell rats
  A tengu zombie (Hell)
  2 bullfrog simulacra (Gauntlet)
  A big kobold zombie (Crypt:1)
  An ogre skeleton (Crypt:3)
  A demigod skeleton (Crypt:2)
  An acid dragon skeleton (Crypt:2)
  A hound zombie (D:7)
  A hound skeleton (D:4)
  3 mummies
  A howler monkey zombie (Crypt:1)
  3 worker ant zombies
  17 adders
  A howler monkey skeleton (D:5)
  6 river rats (Sewer)
  A steam dragon skeleton (Crypt:1)
  6 shadow imps
  10 white imps
  4 ufetubi
  2 oozes
  2 adder zombies
  3 adder skeletons
  8 worms
  3 dart slugs
  15 leopard geckos
  128 orcs
  8 giant cockroaches
  7 goblins
  10 hobgoblins
  20 jackals
  5 quokkas
  6 ball pythons
  8 bats
  7 frilled lizards
  2 jackal skeletons
  A jackal zombie (D:8)
  23 kobolds
  A leopard gecko skeleton (D:5)
  25 rats
  2 briar patches (Depths:4)
  A fulminant prism (Shoals:3)
  5 fungi
  2 lurking horrors (Abyss:3)
  32 plants
  8 starspawn tentacles
2782 creatures vanquished.

Vanquished Creatures (collateral kills)
  Frances (Elf:1)
  A nagaraja (Snake:3)
  The ghost of Onlur the Thaumaturge, an adept OpWz of Vehumet (Shoals:1)
  Azrael (Snake:3)
  A merfolk impaler (Shoals:2)
  2 hydras (Lair:2)
  A yaktaur captain (Vaults:1)
  A naga warrior (Snake:4)
  A deep troll earth mage (Depths:2)
  A tengu warrior (Depths:2)
  A naga sharpshooter (Snake:2)
  3 salamander mystics
  A naga ritualist (Snake:2)
  2 mana vipers (Snake:2)
  6 salamanders
  3 manticores
  2 guardian serpents
  A black mamba (Snake:2)
  2 naga magi
  A merfolk (Shoals:3)
  2 wind drakes
  A raiju (shapeshifter) (D:15)
  A snapping turtle (Shoals:1)
  A hog (D:12)
  8 nagas
  3 white imps (D:15)
49 creatures vanquished.

Vanquished Creatures (others)
  A hell hog (Depths:1)
  3 deep elf knights
  An unseen horror (shapeshifter) (Vaults:4)
  An ice devil (Depths:2)
  An ancient zyme (Abyss:3)
  A yak (IceCv)
  A fire elemental (Elf:1)
  A water elemental (Shoals:3)
  A small abomination (Abyss:3)
  A centaur (D:11)
  An ufetubus (Abyss:2)
  An orc (Vaults:3)
  170 fulminant prisms
  42 fungi
  40 plants
  10 starspawn tentacles
  5 withered plants
281 creatures vanquished.

Grand Total: 3112 creatures vanquished

Notes
Turn   | Place    | Note
-------+----------+-------------------------------------------
     0 | D:1      | Hybris the Gnoll Wizard began the quest for the Orb.
     0 | D:1      | Reached XP level 1. HP: 13/13 MP: 8/8
   229 | D:1      | Reached XP level 2. HP: 16/19 MP: 6/10
   568 | D:1      | Reached XP level 3. HP: 25/25 MP: 8/11
  1094 | D:2      | Reached skill level 1 in Invocations
  1103 | D:2      | Learned a level 2 spell: Blink
  1106 | D:2      | Learned a level 2 spell: Call Imp
  1110 | D:2      | Learned a level 3 spell: Conjure Flame
  1114 | D:2      | Learned a level 3 spell: Mephitic Cloud
  1423 | D:2      | Reached skill level 1 in Fighting
  1423 | D:2      | Reached skill level 1 in Short Blades
  1423 | D:2      | Reached skill level 1 in Long Blades
  1423 | D:2      | Reached skill level 1 in Axes
  1423 | D:2      | Reached skill level 1 in Maces & Flails
  1423 | D:2      | Reached skill level 1 in Polearms
  1423 | D:2      | Reached skill level 1 in Staves
  1423 | D:2      | Reached skill level 1 in Slings
  1423 | D:2      | Reached skill level 1 in Bows
  1423 | D:2      | Reached skill level 1 in Crossbows
  1423 | D:2      | Reached skill level 1 in Throwing
  1423 | D:2      | Reached skill level 1 in Armour
  1423 | D:2      | Reached skill level 1 in Shields
  1423 | D:2      | Reached skill level 1 in Unarmed Combat
  1423 | D:2      | Reached skill level 1 in Evocations
  1440 | D:2      | Reached XP level 4. HP: 32/32 MP: 7/13
  2133 | D:3      | Noticed Ijyb
  2165 | D:3      | Killed Ijyb
  2165 | D:3      | Reached skill level 1 in Hexes
  2165 | D:3      | Reached skill level 1 in Charms
  2165 | D:3      | Reached skill level 1 in Necromancy
  2165 | D:3      | Reached skill level 1 in Transmutations
  2165 | D:3      | Reached skill level 1 in Fire Magic
  2165 | D:3      | Reached skill level 1 in Ice Magic
  2165 | D:3      | Reached skill level 1 in Air Magic
  2165 | D:3      | Reached skill level 1 in Earth Magic
  2165 | D:3      | Reached skill level 1 in Poison Magic
  2228 | D:3      | Reached XP level 5. HP: 37/37 MP: 6/14
  2874 | D:4      | Reached XP level 6. HP: 40/44 MP: 9/16
  3058 | D:4      | Reached skill level 2 in Long Blades
  3058 | D:4      | Reached skill level 5 in Dodging
  3675 | D:5      | Entered Level 5 of the Dungeon
  3677 | D:5      | Reached XP level 7. HP: 50/50 MP: 11/18
  4041 | D:5      | Reached skill level 5 in Stealth
  4271 | D:5      | Reached XP level 8. HP: 44/57 MP: 19/19
  4279 | D:5      | Got a spiked ring mail
  4290 | D:5      | Identified the +1 ring mail of Goitiud {Int+3} (You found
                  | it on level 5 of the Dungeon)
  4686 | D:6      | Found a staircase to the Ecumenical Temple.
  4729 | D:6      | Reached skill level 3 in Long Blades
  4896 | D:6      | Found a glowing drain.
  4986 | Sewer    | Entered a sewer
  6078 | D:6      | Reached XP level 9. HP: 61/65 MP: 10/21
  7004 | Temple   | Entered the Ecumenical Temple
  7041 | Temple   | Became a worshipper of Vehumet
  7197 | D:7      | Reached skill level 4 in Long Blades
  7887 | D:7      | Found a glowing golden altar of the Shining One.
  8332 | D:7      | Reached * piety under Vehumet
  8332 | D:7      | Offered knowledge of Sandblast by Vehumet.
  8429 | D:8      | Reached skill level 5 in Invocations
  8483 | D:8      | Noticed a two-headed ogre
  8587 | D:8      | Found an ornate altar of the Wu Jian Council.
  8744 | D:8      | Reached XP level 10. HP: 73/73 MP: 10/22
  9079 | D:8      | Found Guacej's Assorted Antiques.
  9138 | D:8      | Noticed a two-headed ogre
  9222 | D:8      | Reached ** piety under Vehumet
  9262 | D:7      | Offered knowledge of Throw Flame by Vehumet.
  9262 | D:7      | Reached skill level 5 in Fighting
  9262 | D:7      | Reached skill level 5 in Short Blades
  9262 | D:7      | Reached skill level 5 in Long Blades
  9262 | D:7      | Reached skill level 5 in Axes
  9262 | D:7      | Reached skill level 5 in Maces & Flails
  9262 | D:7      | Reached skill level 5 in Polearms
  9262 | D:7      | Reached skill level 5 in Staves
  9262 | D:7      | Reached skill level 5 in Slings
  9262 | D:7      | Reached skill level 5 in Bows
  9262 | D:7      | Reached skill level 5 in Crossbows
  9262 | D:7      | Reached skill level 5 in Throwing
  9262 | D:7      | Reached skill level 5 in Armour
  9262 | D:7      | Reached skill level 5 in Shields
  9262 | D:7      | Reached skill level 5 in Unarmed Combat
  9262 | D:7      | Reached skill level 5 in Evocations
  9552 | D:8      | Killed a two-headed ogre
  9561 | D:8      | Killed a two-headed ogre
  9561 | D:8      | Reached skill level 5 in Conjurations
  9561 | D:8      | Reached skill level 5 in Summonings
  9561 | D:8      | Reached skill level 5 in Translocations
 10047 | D:9      | Noticed Psyche
 10276 | D:9      | Offered knowledge of Inner Flame by Vehumet.
 10322 | D:9      | Killed Psyche
 10387 | D:8      | Reached XP level 11. HP: 81/81 MP: 5/24
 10510 | D:9      | Found a staircase to the Lair.
 10840 | D:10     | Entered Level 10 of the Dungeon
 10841 | D:10     | Noticed a two-headed ogre
 10918 | D:10     | Reached *** piety under Vehumet
 11106 | D:10     | Reached skill level 6 in Long Blades
 11274 | D:10     | Reached skill level 5 in Hexes
 11274 | D:10     | Reached skill level 5 in Charms
 11274 | D:10     | Reached skill level 5 in Necromancy
 11274 | D:10     | Reached skill level 5 in Transmutations
 11274 | D:10     | Reached skill level 5 in Fire Magic
 11274 | D:10     | Reached skill level 5 in Ice Magic
 11274 | D:10     | Reached skill level 5 in Air Magic
 11274 | D:10     | Reached skill level 5 in Earth Magic
 11274 | D:10     | Reached skill level 5 in Poison Magic
 11319 | D:10     | Noticed Gastronok
 11487 | D:9      | Killed Gastronok
 11549 | D:10     | Offered knowledge of Force Lance by Vehumet.
 11787 | D:10     | Killed an unseen horror
 12393 | D:11     | Noticed a green ugly thing
 12411 | D:11     | Noticed a manticore
 12459 | Lair:1   | Entered Level 1 of the Lair of Beasts
 12477 | Lair:1   | Noticed a seven-headed hydra
 12482 | Lair:1   | Killed a seven-headed hydra
 12482 | Lair:1   | Reached XP level 12. HP: 89/89 MP: 25/25
 12576 | Lair:1   | Noticed Urug
 12596 | Lair:1   | Killed Urug
 12642 | Lair:1   | Reached **** piety under Vehumet
 12891 | Lair:1   | Reached skill level 10 in Spellcasting
 13021 | Lair:1   | Offered knowledge of Ignite Poison by Vehumet.
 13026 | Lair:1   | Learned a level 3 spell: Ignite Poison
 13436 | Lair:1   | Reached skill level 7 in Long Blades
 13952 | Lair:2   | Found a runed translucent gate.
 13952 | Lair:2   | Found a runed translucent gate.
 13952 | Lair:2   | Found a runed translucent gate.
 13952 | Lair:2   | Noticed a ten-headed hydra
 13952 | Lair:2   | Noticed Neppajuco's ghost (journeyman CeAK)
 13953 | Lair:2   | Noticed a 13-headed hydra
 14984 | Lair:3   | Found a staircase to the Shoals.
 15078 | Lair:3   | Noticed an eight-headed hydra
 15085 | Lair:3   | Killed an eight-headed hydra
 15393 | Lair:3   | Reached XP level 13. HP: 82/98 MP: 21/27
 15489 | Lair:3   | You fall into a shaft and drop 1 floor!
 16440 | Lair:4   | Found a staircase to the Snake Pit.
 16688 | Lair:4   | Reached ***** piety under Vehumet
 16688 | Lair:4   | Offered knowledge of Fulminant Prism by Vehumet.
 17113 | Lair:4   | Learned a level 4 spell: Fulminant Prism
 18034 | Lair:5   | Reached skill level 8 in Long Blades
 19439 | Lair:6   | Entered Level 6 of the Lair of Beasts
 20057 | Lair:6   | Found a staircase to the Slime Pits.
 20914 | Lair:6   | Reached XP level 14. HP: 99/106 MP: 3/29
 21680 | Lair:6   | Reached skill level 10 in Dodging
 22268 | Lair:6   | Reached skill level 9 in Long Blades
 22577 | Lair:6   | Noticed a dire elephant
 22626 | Lair:6   | Noticed a dire elephant
 22690 | Lair:5   | Killed a dire elephant
 22690 | Lair:5   | Reached skill level 10 in Stealth
 22739 | Lair:6   | Killed a dire elephant
 22811 | Lair:6   | Noticed a dire elephant
 22811 | Lair:6   | Noticed a dire elephant
 22859 | Lair:6   | Noticed a dire elephant
 22896 | Lair:5   | Killed a dire elephant
 22986 | Lair:6   | Killed a dire elephant
 23094 | Lair:6   | Killed a dire elephant
 23094 | Lair:6   | Reached skill level 10 in Invocations
 23122 | Lair:6   | Got a dazzling short sword
 23123 | Lair:6   | Identified the +6 short sword "Equel" {pierce, +Blink Dex-5
                  | SInv} (You found it on level 6 of the Lair of Beasts)
 23161 | Lair:6   | Noticed a dire elephant
 23176 | Lair:6   | Killed a dire elephant
 24062 | D:11     | Offered knowledge of Ozocubu's Refrigeration by Vehumet.
 24240 | D:11     | Learned a level 5 spell: Fireball
 24601 | D:12     | Noticed Rupert
 24612 | D:11     | Killed Rupert
 24612 | D:11     | Reached XP level 15. HP: 108/114 MP: 24/30
 24659 | D:12     | Noticed Kirke
 25145 | D:12     | Got a jewelled scale mail
 25274 | D:12     | Identified the +5 scale mail of the Orb {rF- rC++ rN+
                  | MR+++} (You found it on level 12 of the Dungeon)
 25307 | D:12     | Killed Kirke
 25466 | D:12     | Found a staircase to the Orcish Mines.
 25717 | Orc:1    | Entered Level 1 of the Orcish Mines
 25919 | Orc:2    | Entered Level 2 of the Orcish Mines
 26185 | Orc:2    | Found a staircase to the Elven Halls.
 26758 | Orc:1    | Noticed an orc warlord
 27073 | Orc:1    | Noticed Josephine
 27121 | Orc:2    | Offered knowledge of Bolt of Magma by Vehumet.
 27147 | Orc:1    | Noticed Jorgrun
 27259 | Orc:2    | Killed Josephine
 27357 | Orc:2    | Killed an orc warlord
 27727 | Orc:2    | Killed Jorgrun
 27727 | Orc:2    | Reached skill level 10 in Fighting
 27727 | Orc:2    | Reached skill level 10 in Short Blades
 27727 | Orc:2    | Reached skill level 10 in Long Blades
 27727 | Orc:2    | Reached skill level 10 in Axes
 27727 | Orc:2    | Reached skill level 10 in Maces & Flails
 27727 | Orc:2    | Reached skill level 10 in Polearms
 27727 | Orc:2    | Reached skill level 10 in Staves
 27727 | Orc:2    | Reached skill level 10 in Slings
 27727 | Orc:2    | Reached skill level 10 in Bows
 27727 | Orc:2    | Reached skill level 10 in Crossbows
 27727 | Orc:2    | Reached skill level 10 in Throwing
 27727 | Orc:2    | Reached skill level 10 in Armour
 27727 | Orc:2    | Reached skill level 10 in Shields
 27727 | Orc:2    | Reached skill level 10 in Unarmed Combat
 27727 | Orc:2    | Reached skill level 10 in Evocations
 28063 | Orc:2    | Found Wadwicwigem's Antique Weapon Emporium.
 28088 | Orc:2    | Found a radiant altar of Vehumet.
 28114 | Orc:2    | Learned a level 5 spell: Bolt of Magma
 28518 | Orc:2    | Found an ancient bone altar of Kikubaaqudgha.
 28554 | Orc:2    | Found Fovoyvve's Book Shoppe.
 28585 | Orc:2    | Found a roughly hewn altar of Beogh.
 28613 | Orc:2    | Found Zopsaon's Distillery.
 28625 | Orc:2    | Found Koeh's Antique Armour Emporium.
 28634 | Orc:2    | Bought 2 potions of resistance for 360 gold pieces
 28634 | Orc:2    | Bought a potion of heal wounds for 90 gold pieces
 28634 | Orc:2    | Bought a potion of heal wounds for 90 gold pieces
 28634 | Orc:2    | Bought 2 potions of curing for 108 gold pieces
 28634 | Orc:2    | Bought 2 potions of curing for 108 gold pieces
 28634 | Orc:2    | Bought a potion of curing for 54 gold pieces
 29014 | D:13     | Noticed Louise
 29028 | D:13     | Killed Louise
 29569 | D:13     | Offered knowledge of Poison Arrow by Vehumet.
 29817 | D:13     | Found a gate to the Vaults.
 29831 | D:13     | Reached XP level 16. HP: 109/122 MP: 21/32
 29902 | D:13     | Upgraded the game from 0.24-a0-762-gca426f56c8 to
                  | 0.24-a0-769-g368c1644f8
 30116 | D:14     | Found a gate leading to a gauntlet.
 30130 | Gauntlet | Entered a Gauntlet
 30130 | Gauntlet | Found a transporter.
 30130 | Gauntlet | Found a transporter.
 30131 | Gauntlet | Found a transporter.
 30132 | Gauntlet | Found a transporter.
 30133 | Gauntlet | Found a transporter.
 30135 | Gauntlet | Found a transporter.
 30141 | Gauntlet | Found a transporter.
 30143 | Gauntlet | Found a transporter.
 30144 | Gauntlet | Found a transporter.
 30146 | Gauntlet | Found a transporter.
 30154 | Gauntlet | Found a transporter.
 30154 | Gauntlet | Found a transporter.
 30727 | D:14     | Learned a level 3 spell: Regeneration
 31199 | D:15     | Entered Level 15 of the Dungeon
 31256 | D:15     | Reached ****** piety under Vehumet
 31313 | D:15     | Found a frozen archway.
 31399 | IceCv    | Entered an ice cave
 31583 | IceCv    | Offered knowledge of Bolt of Cold by Vehumet.
 32058 | IceCv    | Got a shimmering quarterstaff
 32064 | IceCv    | Identified the cursed +0 quarterstaff of Ywiabisi {venom,
                  | rC+} (You found it in an ice cave)
 32952 | D:15     | Reached skill level 11 in Long Blades
 33083 | D:15     | Found a staircase to the Depths.
 33251 | D:15     | Reached XP level 17. HP: 131/131 MP: 15/33
 33252 | D:15     | Offered knowledge of Spellforged Servitor by Vehumet.
 33680 | Snake:1  | Entered Level 1 of the Snake Pit
 34928 | Snake:1  | Found Hubuys's Gadget Emporium.
 34930 | Snake:1  | Found Bakokor's Jewellery Boutique.
 34931 | Snake:1  | Found Rociodwaha's Gadget Emporium.
 35409 | Snake:2  | Learned a level 7 spell: Spellforged Servitor
 35414 | Snake:2  | Learned a level 4 spell: Summon Lightning Spire
 35629 | Snake:2  | Reached skill level 10 in Conjurations
 35629 | Snake:2  | Reached skill level 10 in Summonings
 35629 | Snake:2  | Reached skill level 10 in Translocations
 36000 | Snake:2  | Offered knowledge of Orb of Destruction by Vehumet.
 36010 | Snake:2  | Learned a level 7 spell: Orb of Destruction
 36591 | Snake:3  | Found a hide-covered altar of Uskayaw.
 36900 | Snake:3  | Noticed Azrael
 36985 | Snake:3  | Found Luashreim's Armour Emporium.
 37345 | Lair:2   | Killed Neppajuco's ghost
 37426 | Shoals:1 | Entered Level 1 of the Shoals
 37648 | Shoals:1 | Reached skill level 10 in Hexes
 37648 | Shoals:1 | Reached skill level 10 in Charms
 37648 | Shoals:1 | Reached skill level 10 in Necromancy
 37648 | Shoals:1 | Reached skill level 10 in Transmutations
 37648 | Shoals:1 | Reached skill level 10 in Fire Magic
 37648 | Shoals:1 | Reached skill level 10 in Ice Magic
 37648 | Shoals:1 | Reached skill level 10 in Air Magic
 37648 | Shoals:1 | Reached skill level 10 in Earth Magic
 37648 | Shoals:1 | Reached skill level 10 in Poison Magic
 37664 | Shoals:1 | Got a steaming morningstar
 37665 | Shoals:1 | Identified the +7 morningstar of the Doomed Warrior {vamp,
                  | Dex+4} (You found it on level 1 of the Shoals)
 37700 | Shoals:1 | Found a runed translucent gate.
 37700 | Shoals:1 | Found a runed translucent gate.
 37700 | Shoals:1 | Found a runed translucent gate.
 37903 | Shoals:1 | Reached XP level 18. HP: 78/139 MP: 15/35
 38110 | Shoals:1 | Noticed Onlur's ghost (adept OpWz)
 38111 | Shoals:1 | Noticed stillor's ghost (adept DsFi)
 38446 | Shoals:2 | Found Fidiss's Jewellery Emporium.
 38455 | Shoals:2 | Noticed Ilsuiw
 38684 | Shoals:2 | Killed Ilsuiw
 40290 | Shoals:3 | Reached skill level 12 in Long Blades
 41075 | Shoals:4 | Entered Level 4 of the Shoals
 41250 | Shoals:4 | Offered knowledge of Glaciate by Vehumet.
 41250 | Shoals:4 | Offered knowledge of Chain Lightning by Vehumet.
 41250 | Shoals:4 | Offered knowledge of Tornado by Vehumet.
 42208 | Shoals:4 | Identified the ring "Waorch" {rPois rC+}
 42534 | Shoals:4 | Reached XP level 19. HP: 147/147 MP: 17/36
 42791 | Shoals:4 | Got a barnacled rune of Zot
 43048 | Shoals:4 | Identified the cursed +1 robe of Defiance {rElec}
 43683 | Vaults:1 | Entered Level 1 of the Vaults
 44294 | Vaults:1 | Reached skill level 13 in Long Blades
 45177 | Vaults:1 | Identified a scroll of acquirement
 45282 | Vaults:1 | Got a crude rapier
 45283 | Vaults:1 | Identified the +5 rapier "Roicug" {venom, rElec MR+ Str-3
                  | Int+6} (You found it on level 1 of the Vaults)
 45768 | Vaults:2 | Reached XP level 20. HP: 138/155 MP: 19/38
 46074 | Vaults:2 | Found a staircase to the Crypt.
 46773 | Vaults:2 | Reached skill level 14 in Long Blades
 48109 | Vaults:3 | Found Aminkoog's Food Shop.
 48526 | Vaults:3 | Reached XP level 21. HP: 141/163 MP: 39/39
 49481 | Snake:3  | Killed Azrael
 49503 | Snake:4  | Entered Level 4 of the Snake Pit
 49712 | Snake:3  | Reached skill level 15 in Spellcasting
 50365 | Snake:4  | Identified the +11 falchion of the Messenger {freeze, +Fly
                  | rF- Int+8 Dex-2}
 50756 | Snake:4  | Reached skill level 15 in Long Blades
 51010 | Snake:4  | Found Feizor's Weapon Shop.
 52164 | Snake:4  | Noticed Aizul
 52254 | Snake:4  | Killed Aizul
 52331 | Snake:4  | Got a serpentine rune of Zot
 52617 | Shoals:1 | Killed Onlur's ghost
 52683 | Shoals:1 | Killed stillor's ghost
 52683 | Shoals:1 | Reached skill level 15 in Invocations
 54181 | Vaults:4 | Found a runed translucent door.
 54181 | Vaults:4 | Found a shimmering altar of Xom.
 54181 | Vaults:4 | Noticed Ecatez's ghost (adept HOMo)
 54381 | Vaults:4 | Noticed Donald
 54391 | Vaults:4 | Killed Donald
 54604 | Vaults:4 | Reached XP level 22. HP: 134/172 MP: 17/41
 55832 | Vaults:4 | Killed Ecatez's ghost
 55841 | Vaults:4 | Got a scintillating bone ring
 55843 | Vaults:4 | Identified the ring "Tefal" {Fire Str+3 Slay+2} (You found
                  | it on level 4 of the Vaults)
 56182 | Elf:1    | Entered Level 1 of the Elven Halls
 56218 | Elf:1    | Reached skill level 16 in Long Blades
 56849 | Elf:1    | Noticed Frances
 56853 | Elf:1    | Killed Frances
 57351 | Elf:1    | Reached skill level 15 in Dodging
 57718 | Elf:2    | Found a huge runed translucent gate.
 57718 | Elf:2    | Found a huge runed translucent gate.
 57718 | Elf:2    | Found a huge runed translucent gate.
 57718 | Elf:2    | Found a huge runed translucent gate.
 57718 | Elf:2    | Found a huge runed translucent gate.
 57950 | Elf:2    | Noticed Agnes
 58030 | Elf:2    | Killed Agnes
 58030 | Elf:2    | Reached skill level 15 in Stealth
 58413 | Elf:2    | Learned a level 5 spell: Lee's Rapid Deconstruction
 59397 | Elf:3    | Entered Level 3 of the Elven Halls
 59995 | Elf:3    | Reached XP level 23. HP: 179/179 MP: 42/42
 60250 | Elf:3    | Found a shimmering blue altar of Sif Muna.
 60449 | Elf:3    | Identified the +10 broad axe of the Mosquito {protect,
                  | Str+5 Dex+5}
 60449 | Elf:3    | Identified the ring "Doefov" {+Blink rF+ MP+9 Dex-2 Slay+2}
 60680 | Elf:3    | Identified the +8 plate armour "Heonkest" {Str+2}
 60687 | Elf:3    | Noticed Mara
 60702 | Elf:3    | Noticed Hybris's illusion
 60860 | Elf:3    | Noticed Hybris's illusion
 60933 | Elf:2    | Learned a level 6 spell: Iron Shot
 60999 | Elf:3    | Noticed Hybris's illusion
 61180 | Elf:3    | Killed Mara
 61209 | Elf:3    | Identified the +0 chain mail "Amoxejedi" {rF+ rC- MR+
                  | Str+4}
 61211 | Elf:3    | Reached skill level 17 in Long Blades
 61212 | Elf:3    | Identified the +0 falchion of the Tooth {elec, *Drain MR++
                  | Str+3 Dex+2}
 61479 | Elf:3    | Identified the Collected Works on Supportive Attacks
 61869 | Depths:1 | Entered Level 1 of the Depths
 62021 | D:15     | Reached skill level 15 in Slings
 62021 | D:15     | Reached skill level 15 in Crossbows
 62220 | Crypt:1  | Entered Level 1 of the Crypt
 62231 | Vaults:2 | Reached skill level 15 in Fighting
 62231 | Vaults:2 | Reached skill level 15 in Short Blades
 62231 | Vaults:2 | Reached skill level 15 in Axes
 62231 | Vaults:2 | Reached skill level 15 in Maces & Flails
 62231 | Vaults:2 | Reached skill level 15 in Polearms
 62231 | Vaults:2 | Reached skill level 15 in Staves
 62231 | Vaults:2 | Reached skill level 15 in Bows
 62231 | Vaults:2 | Reached skill level 15 in Throwing
 62231 | Vaults:2 | Reached skill level 15 in Armour
 62231 | Vaults:2 | Reached skill level 15 in Shields
 62231 | Vaults:2 | Reached skill level 15 in Unarmed Combat
 62231 | Vaults:2 | Reached skill level 15 in Evocations
 63090 | Crypt:1  | Found a transporter.
 63700 | Crypt:1  | Identified the Volume of Black Rituals
 63774 | Crypt:1  | Found a shimmering blue altar of Sif Muna.
 64333 | Depths:1 | Reached XP level 24. HP: 188/189 MP: 12/43
 64775 | Depths:1 | Found a one-way gate leading to the halls of Pandemonium.
 64999 | Depths:1 | Found a gateway to Hell.
 65020 | Depths:1 | You are sucked into a shaft and drop 1 floor!
 65236 | Depths:2 | Identified the amulet "Umeqiwal" {Reflect rElec rF+ rC+
                  | SH+2}
 65245 | Depths:2 | Identified the amulet of Ascent {RegenMP +Blink Dex+3}
 65454 | Depths:2 | Reached skill level 18 in Long Blades
 65496 | Depths:2 | Got a scorched chain mail
 65507 | Depths:2 | Identified the +1 chain mail "Faojecsij" {rF+} (You found
                  | it on level 2 of the Depths)
 65681 | Depths:2 | Noticed Bai Suzhen
 65720 | Depths:2 | Killed Bai Suzhen
 65881 | Depths:2 | Found a gateway to a ziggurat.
 67257 | Depths:2 | Noticed Saint Roka
 67516 | Depths:2 | Killed Saint Roka
 68298 | Depths:3 | Reached XP level 25. HP: 197/197 MP: 27/43
 68732 | Depths:3 | Found Nimmorem's Antique Armour Boutique.
 68981 | Depths:3 | Identified the Volume of Cloudy Calling
 69432 | Depths:4 | Got a coiled golden ring
 69437 | Depths:4 | Identified the ring of Anarchy {rPois AC+2} (You found it
                  | on level 4 of the Depths)
 69440 | Depths:4 | Got a heavily runed chain mail
 69451 | Depths:4 | Identified the cursed +0 chain mail "Emuckool" {rC+ MP+9
                  | Dex+3} (You found it on level 4 of the Depths)
 69526 | Depths:4 | Got a scorched iron ring
 69528 | Depths:4 | Identified the ring "Zaid Cuem" {rCorr Str-2 Int+4 Dex+4}
                  | (You acquired it on level 4 of the Depths)
 69987 | Depths:4 | Found Erawn's Armour Boutique.
 70260 | Depths:4 | Found a one-way gate to the infinite horrors of the Abyss.
 70318 | Depths:4 | Identified the Disquisition on the Enchanting Rocks
 70371 | Depths:4 | Reached skill level 19 in Long Blades
 70689 | Depths:5 | Entered Level 5 of the Depths
 70808 | Depths:5 | Noticed Frederick
 70959 | Depths:4 | Killed Frederick
 71496 | Depths:5 | Found a gate to the Realm of Zot.
 72043 | Depths:5 | Paralysed by a vampire knight for 4 turns
 72624 | Depths:5 | Reached XP level 26. HP: 168/206 MP: 11/44
 73282 | Depths:5 | Identified the +5 whip of Gehenna {slash, Str+4 Int+4}
 73425 | Depths:5 | Noticed an ancient lich
 73431 | Depths:5 | Killed an ancient lich
 74100 | Depths:5 | Identified the amulet "Piuseuk" {Gourm *Drain rN+++ MR-
                  | Dex+3}
 74260 | Depths:5 | Identified A Thorough Guide to the Arcane Arts
 74374 | Depths:5 | Got a distressingly furry chain mail
 74385 | Depths:5 | Identified the cursed +0 chain mail of the Raven {-Cast
                  | rPois MR+ Stlth+} (You found it on level 5 of the Depths)
 74823 | Crypt:1  | Identified the ring of the Monkey's Uncle {Wiz Str+4}
 74850 | Crypt:2  | Noticed Xtahua
 74854 | Crypt:2  | Killed Xtahua
 75703 | Crypt:3  | Entered Level 3 of the Crypt
 75748 | Crypt:3  | Reached skill level 20 in Long Blades
 75858 | Crypt:3  | Noticed Jory
 75890 | Crypt:3  | Killed Jory
 76434 | Crypt:3  | Found a basalt altar of Yredelemnul.
 76434 | Crypt:3  | Noticed an ancient lich
 76443 | Crypt:3  | Killed an ancient lich
 76555 | Crypt:3  | Noticed Khufu
 76584 | Crypt:3  | Noticed a greater mummy
 76991 | Crypt:3  | Reached XP level 27. HP: 209/213 MP: 45/45
 77010 | Crypt:3  | Found a staircase to the Tomb.
 77011 | Crypt:3  | Found the cursed +13 scythe of Curses {drain, *Curse}
 77279 | Crypt:3  | Killed Khufu
 77774 | Crypt:3  | Killed a greater mummy
 78210 | Hell     | Entered the Vestibule of Hell
 78210 | Hell     | Noticed Geryon
 78877 | D:8      | Bought a potion of heal wounds for 175 gold pieces
 78877 | D:8      | Bought a potion of haste for 350 gold pieces
 78877 | D:8      | Bought a scroll of teleportation for 105 gold pieces
 79247 | Crypt:1  | Found a transporter.
 79598 | D:14     | Got a faintly glowing pewter ring
 79600 | D:14     | Identified the ring "Wiaxaxit" {MR+ Str+2 SInv} (You
                  | acquired it on level 14 of the Dungeon)
 80559 | Depths:4 | Reached skill level 15 in Conjurations
 80559 | Depths:4 | Reached skill level 15 in Summonings
 80559 | Depths:4 | Reached skill level 15 in Translocations
 80732 | Depths:4 | Voluntarily entered the Abyss.
 81157 | Abyss:2  | Found a corrupted altar of Lugonu.
 81873 | Abyss:3  | Found a corrupted altar of Lugonu.
 81875 | Abyss:3  | Found a corrupted altar of Lugonu.
 81949 | Abyss:3  | Reached skill level 15 in Hexes
 81949 | Abyss:3  | Reached skill level 15 in Charms
 81949 | Abyss:3  | Reached skill level 15 in Necromancy
 81949 | Abyss:3  | Reached skill level 15 in Transmutations
 81949 | Abyss:3  | Reached skill level 15 in Fire Magic
 81949 | Abyss:3  | Reached skill level 15 in Ice Magic
 81949 | Abyss:3  | Reached skill level 15 in Air Magic
 81949 | Abyss:3  | Reached skill level 15 in Earth Magic
 81949 | Abyss:3  | Reached skill level 15 in Poison Magic
 82431 | Abyss:3  | Reached skill level 21 in Long Blades
 83123 | Abyss:3  | HP: 2/216 [something (15)]
 83123 | Abyss:3  | Killed from afar by a raiju

Levels and vault maps discovered:
D:1:      dpeg_arrival_oval, layout_loops_ring, nrook_mini_vaults,
          minmay_misc_feat_pillars, st_stairs_8, minivault_27
D:2:      layout_basic, first_ration, minivault_4
D:3:      layout_basic, uniq_ijyb
D:4:      layout_basic
D:5:      layout_loops_ring
D:6:      layout_layer_cave, minmay_temple_entry_oklob, gup_sewer_entry_pipe
D:7:      layout_loops_corners, basic_altar, minmay_lizard_king
D:8:      cheibrodos_fzero, layout_basic, overflow_temple_1_default,
          serial_undead, serial_undead_b, serial_undead_f, serial_undead_c,
          serial_undead_a, serial_shops, shop
D:9:      layout_rooms, due_lair_maze_entry_diamond, uniq_psyche
D:10:     layout_loops_ring, uniq_gastronok
D:11:     minmay_bubble_buster, layout_basic, grunt_tengu_nest
D:12:     layout_big_octagon, erik_orc_1, uniq_kirke, uniq_rupert
D:13:     layout_roguey, grunt_vaults_entry_fortified, sword_in_stone
D:14:     layout_basic, gauntlet_entry_generic
D:15:     grunt_enter_depths_snipers, layout_loops_cross,
          portal_ice_cave_entry_imps, hangedman_abyss_or_decor_slice,
          st_stairs_12, hive_lemuel
Temple:   minmay_crystal_snake_temple
Lair:1:   layout_roguey, uniq_urug
Lair:2:   layout_chaotic_city, gammafunk_ghost_hydra_chop, st_stairs_9,
          beast_lair_carwin_1, lemuel_fruit_tree, grunt_megastairs_3,
          serial_bayou_shore_a
Lair:3:   layout_regular_city, elwin_shoals_entry_rocks
Lair:4:   layout_regular_city, guppyfry_snake_entry_island, st_stairs_12,
          cheibrodos_lair_reptile_den, minmay_lair_oklob_chamber
Lair:5:   layout_cave_pods, small_statue_intersection
Lair:6:   due_jungle_book, layout_cave_pods, minmay_slime_entry_pillars,
          infiniplex_staircase_pool
Shoals:1: layout_shoals, gammafunk_ghost_cemetery
Shoals:2: layout_shoals, minmay_shop_enchanted_jewellery, uniq_ilsuiw
Shoals:3: layout_shoals, st_shoals_ruin
Shoals:4: shoals_end_simple, layout_shoals, nicolae_shoals_seven_spires
Snake:1:  layout_gridlike, minmay_shop_grove
Snake:2:  layout_concentric_octagons, nrook_loot_triangle
Snake:3:  layout_onion, serial_shops, shop, basic_altar, uniq_azrael
Snake:4:  snake_pit, layout_cave_town, serial_shops, shop, grunt_megastairs_4,
          uniq_aizul
Orc:1:    layout_caves, uniq_jorgrun, uniq_josephine
Orc:2:    kennysheep_orc_mage_school, layout_diamond_mine
Elf:1:    eino_elf_arrival_sip, layout_gridlike, evilmike_minifort,
          grunt_megastairs_2, uniq_frances
Elf:2:    layout_onion_city, uniq_agnes
Elf:3:    elf_hall_gauntlet_narrow, layout_gridlike, basic_altar, st_stairs_1,
          uniq_mara
Vaults:1: vaults_standard_mumra_x, vaults_mumra_minichess,
          nicolae_vaults_network_quinsquares
          [nicolae_vaults_network_quincunx_subvault,
          nicolae_vaults_network_quincunx_subvault,
          nicolae_vaults_network_quincunx_subvault,
          nicolae_vaults_network_quincunx_subvault], grunt_vaults_twisty,
          v_misc_16, nicolae_vaults_arrows, hangedman_vaults_unwind,
          vaults_room_hallway, hangedman_vaults_stretched_pinwheel, st_cross,
          v_misc_17, layout_vaults_omnibox
Vaults:2: ontoclasm_vaults_ring_large, minmay_crypt_entry_simple_walls,
          v_misc_29, v_alt_pattern_3, vaults_room_corners,
          layout_vaults_omnigrid
Vaults:3: nicolae_vaults_c_with_doors, nicolae_vaults_specimen_jars,
          hangedman_vaults_restitches, hangedman_vaults_locks,
          nicolae_vaults_little_squares_3, vaults_dpeg_doors,
          nicolae_vaults_little_ls, nicolae_vaults_little_squares_3,
          layout_vaults_chaotic_city, serial_shops, shop
Vaults:4: ebering_vaults_ghost_xom, nicolae_vaults_little_squares_5,
          nicolae_vaults_meeting, nicolae_vaults_angled_halls, v_misc_17,
          vaults_room_grunt_arrival_checkpoint, nicolae_vaults_shelves_hall,
          grunt_vaults_hallway_long, dpeg_vaults_monster_box, v_misc_26,
          hangedman_vaults_impose, v_rooms_6, ontoclasm_vaults_idyll,
          nicolae_vaults_twisting_passages, vaults_room_corners,
          layout_vaults_maze_snakey, uniq_donald
Crypt:1:  gammafunk_sealed_library, layout_misc_corridors, special_room
          [special_room_morgue], minivault_27, minicrypt_bobbens
Crypt:2:  layout_basic, grunt_ministairs_14, uniq_xtahua
Crypt:3:  cryptofortress_bobbens, uniq_jory, uniq_khufu
Depths:1: layout_twisted_cross, pan_entry, hell_entry,
          serial_sigils_hangedman_gnaw, nooodl_food_tri
Depths:2: minmay_the_grid_plus [minmay_the_grid_fan, minmay_the_grid_embedded,
          minmay_the_grid_dragon_a, minmay_the_grid_minigrid_medium,
          minmay_the_grid_prize_four_corners_diamond_b], layout_honeycomb,
          enter_ziggurat_e, pf_vacation_house_of_asmodeus,
          kennysheep_decorative_pillar, minmay_statues_item,
          fake_guardian_serpent_vault, uniq_saint_roka, uniq_bai_suzhen
Depths:3: minmay_cut_squares, layout_basic, serial_shops,
          nicolae_shop_overgrown_old_shop, hell_entry, rand_demon_pan_entry_8,
          minmay_staircase_windowed_small
Depths:4: dpeg_oklob_gauntlet, layout_cave_pools, serial_shops, shop,
          serial_bayou, serial_bayou_pond_b, serial_bayou_pond_a,
          serial_bayou_pond_a, serial_bayou_pond_d, lightli_too_deep,
          abyss_entry, serial_bayou_shore_b, minmay_staircase_statues
Depths:5: hangedman_pleasuredromes, hell_entry, uniq_frederick
Hell
Abyss:3:  nicolae_abyss_rune_left_handed, nicolae_abyss_rune_star_stuff

Skill      XL: |  1  2  3  4  5  6  7  8  9 10 11 12 13 14 15 16 17 18 19 20 21 22 23 24 25 26 27 |
---------------+----------------------------------------------------------------------------------+-----
Conjurations   | 2 3 4 5 6 7 8 9 10 11 12 13 14 15 | 15.4
Summonings     | 2 3 4 5 6 7 8 9 10 11 12 13 14 15 | 15.4
Translocations | 2 3 4 5 6 7 8 9 10 11 12 13 14 15 | 15.4
Invocations    | 1 2 3 4 5 6 7 8 9 10 11 12 13 14 15 16 17 18 19 | 19.1
Fighting       | 1 2 3 4 5 6 7 8 9 10 11 12 13 14 15 16 17 | 17.7
Short Blades   | 1 2 3 4 5 6 7 8 9 10 11 12 13 14 15 16 17 | 17.7
Long Blades    | 1 2 3 4 5 6 7 8 9 10 11 12 13 14 15 16 17 18 19 20 21 | 21.3
Axes           | 1 2 3 4 5 6 7 8 9 10 11 12 13 14 15 16 17 | 17.7
Maces & Flails | 1 2 3 4 5 6 7 8 9 10 11 12 13 14 15 16 17 | 17.7
Polearms       | 1 2 3 4 5 6 7 8 9 10 11 12 13 14 15 16 17 | 17.7
Staves         | 1 2 3 4 5 6 7 8 9 10 11 12 13 14 15 16 17 | 17.7
Slings         | 1 2 3 4 5 6 7 8 9 10 11 12 13 14 15 16 17 18 20 | 20.0
Bows           | 1 2 3 4 5 6 7 8 9 10 11 12 13 14 15 16 17 | 17.7
Crossbows      | 1 2 3 4 5 6 7 8 9 10 11 12 13 14 15 16 17 18 20 | 20.0
Throwing       | 1 2 3 4 5 6 7 8 9 10 11 12 13 14 15 16 17 | 17.7
Armour         | 1 2 3 4 5 6 7 8 9 10 11 12 13 14 15 16 17 | 17.7
Shields        | 1 2 3 4 5 6 7 8 9 10 11 12 13 14 15 16 18 | 18.3
Unarmed Combat | 1 2 3 4 5 6 7 8 9 10 11 12 13 14 15 16 17 | 17.7
Evocations     | 1 2 3 4 5 6 7 8 9 10 11 12 13 14 15 16 17 | 17.7
Hexes          | 1 2 3 4 5 6 7 8 9 10 11 12 13 14 15 | 15.3
Charms         | 1 2 3 4 5 6 7 8 9 10 11 12 13 14 15 | 15.3
Necromancy     | 1 2 3 4 5 6 7 8 9 10 11 12 13 14 15 | 15.3
Transmutations | 1 2 3 4 5 6 7 8 9 10 11 12 13 14 15 | 15.3
Fire Magic     | 1 2 3 4 5 6 7 8 9 10 11 12 13 14 15 | 15.3
Ice Magic      | 1 2 3 4 5 6 7 8 9 10 11 12 13 14 15 | 15.3
Air Magic      | 1 2 3 4 5 6 7 8 9 10 11 12 13 14 15 | 15.3
Earth Magic    | 1 2 3 4 5 6 7 8 9 10 11 12 13 14 15 | 15.3
Poison Magic   | 1 2 3 4 5 6 7 8 9 10 11 12 13 14 15 | 15.3
Dodging        | 5 6 7 8 9 10 11 12 13 14 15 16 17 18 | 18.1
Stealth        | 5 6 7 8 9 10 11 12 13 14 15 16 17 18 | 18.1
Spellcasting   | 8 9 10 11 12 13 14 15 16 17 18 | 18.7

Action                   |  1- 3 |  4- 6 |  7- 9 | 10-12 | 13-15 | 16-18 | 19-21 | 22-24 | 25-27 || total
-------------------------+-------+-------+-------+-------+-------+-------+-------+-------+-------++-------
Melee: Unarmed           |     1 |       |       |       |       |       |       |       |       ||     1
       Dagger            |       |   139 |   509 |   697 |  1051 |       |       |       |       ||  2396
       Bite              |       |    10 |    56 |    78 |   171 |   102 |    80 |   159 |   275 ||   931
       Punch             |       |     2 |     7 |       |       |       |       |       |       ||     9
       Short sword       |       |       |       |       |   513 |   840 |       |       |       ||  1353
       Morningstar       |       |       |       |       |       |   104 |       |       |       ||   104
       Rapier            |       |       |       |       |       |   160 |   830 |   416 |       ||  1406
       Broad axe         |       |       |       |       |       |       |       |   541 |  1372 ||  1913
Throw: Javelin           |       |       |    20 |     7 |     7 |    17 |    26 |     5 |       ||    82
       Dart              |       |       |     2 |    16 |    81 |       |       |     1 |       ||   100
 Cast: Magic Dart        |    84 |   142 |   318 |   369 |   514 |       |       |       |       ||  1427
       Mephitic Cloud    |       |    12 |    21 |    98 |   219 |    18 |       |       |       ||   368
       Blink             |       |       |     1 |    17 |    69 |     5 |    14 |     9 |    26 ||   141
       Conjure Flame     |       |       |     7 |    18 |    12 |       |       |       |       ||    37
       Ignite Poison     |       |       |       |    17 |   113 |     2 |       |       |       ||   132
       Fulminant Prism   |       |       |       |       |    13 |   145 |    13 |       |       ||   171
       Bolt of Magma     |       |       |       |       |    44 |   265 |   508 |   261 |       ||  1078
       Fireball          |       |       |       |       |     4 |    77 |    93 |    41 |   174 ||   389
       Summon Lightning  |       |       |       |       |       |    37 |     7 |     2 |       ||    46
       Regeneration      |       |       |       |       |       |     2 |     1 |     1 |    36 ||    40
       Lee's Rapid Decon |       |       |       |       |       |       |       |   104 |   314 ||   418
       Iron Shot         |       |       |       |       |       |       |       |   242 |   277 ||   519
Evoke: Wand              |       |       |     9 |     8 |    18 |    19 |     5 |     6 |    21 ||    86
       Lightning rod     |       |       |       |       |       |    14 |    28 |    15 |     1 ||    58
       Phial of floods   |       |       |       |       |       |     3 |     3 |     4 |       ||    10
       Lamp of fire      |       |       |       |       |       |     2 |     5 |     5 |     3 ||    15
       Fan of gales      |       |       |       |       |       |     1 |     2 |     4 |     1 ||     8
  Use: Scroll            |       |       |    13 |     4 |    10 |    13 |     4 |     8 |    16 ||    68
       Potion            |       |       |     1 |       |     1 |     1 |       |     1 |     3 ||     7
 Stab: Sleeping          |     1 |     2 |     5 |     3 |     2 |     7 |    18 |       |     2 ||    40
       Confused          |       |     4 |    10 |    50 |    51 |     7 |       |       |       ||   122
       Paralysed         |       |       |     1 |       |     3 |       |       |       |       ||     4
       Distracted        |       |       |       |       |       |     1 |     1 |     4 |     5 ||    11
       Petrified         |       |       |       |       |       |       |       |       |     7 ||     7
  Eat: Chunk             |     1 |     7 |    13 |    36 |    39 |    42 |    31 |    43 |    41 ||   253
       Ration            |       |       |     1 |       |     1 |     5 |     3 |     5 |     5 ||    20
Armor: Robe              |     1 |    12 |     4 |       |       |       |       |       |       ||    17
       Ring mail         |       |       |   103 |    91 |   135 |       |       |       |       ||   329
       Scale mail        |       |       |       |       |    74 |   488 |   226 |    89 |       ||   877
       Plate armour      |       |       |       |       |       |       |       |   371 |   701 ||  1072
Dodge: Dodged            |     9 |    66 |   176 |   178 |   389 |   586 |   302 |   380 |   739 ||  2825
Block: Buckler           |       |       |    20 |    85 |   203 |   306 |   153 |       |       ||   767
       Shield            |       |       |       |       |       |       |   137 |   673 |  1224 ||  2034

Table legend:
 A = Non-vault XP
 B = Vault XP
 C = Vault XP percentage of total XP
 D = Non-vault monster count
 E = Vault monster count
 F = Vault count percentage of total count
                 A         B        C        D         E       F
            +---------+---------+-------+---------+---------+-------
      Total |  827875 |  645021 |  43.8 |    1834 |     956 |  34.3
            +---------+---------+-------+---------+---------+-------
        D:1 |      40 |       3 |   7.0 |      20 |       2 |   9.1
        D:2 |      57 |       0 |   0.0 |      20 |       0 |   0.0
        D:3 |     153 |      36 |  19.0 |      30 |       1 |   3.2
        D:4 |     364 |       0 |   0.0 |      30 |       0 |   0.0
        D:5 |     632 |       0 |   0.0 |      14 |       0 |   0.0
        D:6 |     881 |      74 |   7.7 |      25 |       7 |  21.9
        D:7 |    1344 |     514 |  27.7 |      23 |      12 |  34.3
        D:8 |    1407 |    2012 |  58.8 |      22 |      19 |  46.3
        D:9 |    1239 |    3088 |  71.4 |      23 |       8 |  25.8
       D:10 |    7563 |       0 |   0.0 |      37 |       0 |   0.0
       D:11 |    7031 |    5382 |  43.4 |      47 |      17 |  26.6
       D:12 |    3856 |    3885 |  50.2 |      29 |      21 |  42.0
       D:13 |    4775 |    9824 |  67.3 |      11 |      14 |  56.0
       D:14 |   11576 |     946 |   7.6 |      33 |       1 |   2.9
       D:15 |   44003 |    6535 |  12.9 |      59 |      32 |  35.2
     Lair:1 |    3855 |    1270 |  24.8 |      17 |       2 |  10.5
     Lair:2 |    4233 |    4724 |  52.7 |      18 |      11 |  37.9
     Lair:3 |    3384 |       0 |   0.0 |      13 |       0 |   0.0
     Lair:4 |    1103 |    3239 |  74.6 |       4 |      14 |  77.8
     Lair:5 |   14582 |     542 |   3.6 |      45 |       2 |   4.3
     Lair:6 |   18393 |    2947 |  13.8 |      36 |       7 |  16.3
   Shoals:1 |    9072 |    4449 |  32.9 |      21 |       3 |  12.5
   Shoals:2 |    6293 |    2949 |  31.9 |      14 |       4 |  22.2
   Shoals:3 |   24993 |    6951 |  21.8 |      56 |      11 |  16.4
   Shoals:4 |   24662 |   19938 |  44.7 |      57 |      33 |  36.7
    Snake:1 |   19254 |       0 |   0.0 |      37 |       0 |   0.0
    Snake:2 |   18469 |       0 |   0.0 |      49 |       0 |   0.0
    Snake:3 |   13326 |    6265 |  32.0 |      30 |      12 |  28.6
    Snake:4 |   19319 |   32994 |  63.1 |      34 |      48 |  58.5
      Orc:1 |    2175 |       0 |   0.0 |      23 |       0 |   0.0
      Orc:2 |    6858 |   11980 |  63.6 |      52 |      41 |  44.1
      Elf:1 |   14722 |   13595 |  48.0 |      23 |      23 |  50.0
      Elf:2 |   21573 |   26720 |  55.3 |      37 |      30 |  44.8
      Elf:3 |   21535 |   33930 |  61.2 |      36 |      20 |  35.7
   Vaults:1 |   21152 |   36886 |  63.6 |      53 |      57 |  51.8
   Vaults:2 |   40634 |   11214 |  21.6 |      69 |      22 |  24.2
   Vaults:3 |   43526 |   20625 |  32.2 |      73 |      28 |  27.7
   Vaults:4 |   27479 |   29465 |  51.7 |      40 |      33 |  45.2
    Crypt:1 |   16127 |   47727 |  74.7 |      26 |      54 |  67.5
    Crypt:2 |   15937 |    6369 |  28.6 |      24 |       3 |  11.1
    Crypt:3 |       0 |   82738 | 100.0 |       0 |      93 | 100.0
   Depths:1 |   43253 |    3172 |   6.8 |      51 |       4 |   7.3
   Depths:2 |   67286 |   40443 |  37.5 |      80 |      36 |  31.0
   Depths:3 |   29067 |    9536 |  24.7 |      31 |      10 |  24.4
   Depths:4 |   40613 |   34459 |  45.9 |      54 |      29 |  34.9
   Depths:5 |    2308 |  101867 |  97.8 |       9 |      77 |  89.5
       Hell |    1723 |      50 |   2.8 |       7 |       1 |  12.5
    Abyss:1 |   14637 |       0 |   0.0 |      38 |       0 |   0.0
    Abyss:2 |   25987 |     773 |   2.9 |      47 |       5 |   9.6
    Abyss:3 |  105424 |     180 |   0.2 |     207 |       1 |   0.5
      Sewer |       0 |     352 | 100.0 |       0 |      48 | 100.0
      IceCv |       0 |   11236 | 100.0 |       0 |      50 | 100.0
   Gauntlet |       0 |    3137 | 100.0 |       0 |      10 | 100.0
            +---------+---------+-------+---------+---------+-------
